 Dungeon Crawl Stone Soup version 0.31.0-1-g2c135a0 (webtiles) character file.

Game seed: 14603111586677804249

135 cactusman1044 the Conjurer (level 5, -1/26 (28) HPs)
             Began as a Tengu Conjurer on Apr 4, 2024.
             Was an Initiate of Elyvilon.
             Slain by a hell rat (14 damage)
             ... in a sewer.
             The game lasted 00:11:45 (3150 turns).

cactusman1044 the Conjurer (Tengu Conjurer)         Turns: 3150, Time: 00:11:47

HP:   -1/26 (28)    AC:  2    Str:  7    XL:     5   Next: 18%
MP:   1/9           EV: 12    Int: 21    God:    Elyvilon [......]
Gold: 169           SH:  0    Dex: 12    Spells: 5/8 levels left

rFire   . . .        d - +2 hand axe (elec)
rCold   . . .        (no shield)
rNeg    . . .        a - +0 robe
rPois   .            (helmet restricted)
rElec   .            (no cloak)
rCorr   .            (no gloves)
SInv    .            (boots unavailable)
Will    .....        (no amulet)
Stlth   +            (no ring)
HPRegen 0.24/turn    (no ring)
MPRegen 0.11/turn

%: acrobat
@: drained, very slow
A: beak, talons 3, acrobatic
a: Renounce Religion


You were in a sewer.
You worshipped Elyvilon.
Elyvilon was noncommittal.
You visited 1 branch of the dungeon, and saw 4 of its levels.
You also visited: Sewer.

You collected 169 gold pieces.

Inventory:

Hand Weapons
 d - a +2 hand axe of electrocution (weapon)
Missiles
 g - a throwing net
Armour
 a - a +0 robe (worn)
Scrolls
 c - 2 scrolls of fear {unknown}
 h - a scroll of immolation {unknown}
 i - 2 scrolls of identify
 p - a scroll of blinking {unknown}
Potions
 b - a potion of magic
 e - a potion of resistance {unknown}
 f - a potion of ambrosia
 j - a potion of enlightenment {unknown}
 l - a potion of berserk rage {unknown}
 m - 2 potions of might
 n - 2 potions of mutation {unknown}
 o - a potion of invisibility {unknown}


   Skills:
 + Level 0.7 Fighting
 + Level 1.8 Axes
 + Level 2.8 Dodging
 + Level 2.9 Stealth
 + Level 2.3 Spellcasting
 + Level 6.5 Conjurations


You had 5 spell levels left.
You knew the following spells:

 Your Spells              Type           Power      Damage    Failure   Level
a - Magic Dart            Conj           100%       1d8       1%          1
b - Searing Ray           Conj           60%        2d6       1%          2

Your spell library contained the following spells:

 Spells                   Type           Power      Damage    Failure   Level
 Sting                    Conj/Alch      64%        1d7       3%          1
 Mercury Vapours          Alch/Air       4%         N/A       22%         2
 Fulminant Prism          Conj/Alch      8%         3d7       36%         4
 Iskenderun's Mystic Bla  Conj/Tloc      16%        2d5       36%         4
 Animate Dead             Necr           2%         N/A       80%         4
 Olgreb's Toxic Radiance  Alch           2%         N/A       80%         4
 Haunt                    Necr/Summ      1%         N/A       100%        7
 Infestation              Necr           1%         N/A       100%        8


Dungeon Overview and Level Annotations

Branches:
Dungeon (4/15)              Sewer (1/1)
 Temple: D:4-7

Altars:
Cheibriados
Elyvilon
Fedhas
Okawaru
Qazlal
Uskayaw
Wu Jian

Annotations:
D:4 Blork the orc


Innate Abilities, Weirdness & Mutations

You have a beak for a mouth.
You have claws for feet.
You can magically evade attacks while moving or waiting.


Message History

Aiming: Magic Dart (safe; 1% risk of failure)
Press: ? - help, Shift-Dir - straight line, f/p - hell rat
Aim: a hell rat (severely wounded, 100% to hit)
The magic dart hits the hell rat but does no damage.
The hell rat is severely wounded.
The hell rat splashes around in the water.
Casting: Magic Dart (safe; 1% risk of failure)
Confirm with . or Enter, or press ? or * to list all spells.
Aiming: Magic Dart (safe; 1% risk of failure)
Press: ? - help, Shift-Dir - straight line, f/p - hell rat
Aim: a hell rat (severely wounded, 100% to hit)
The magic dart hits the hell rat.
The hell rat is severely wounded.
The hell rat bites you but does no damage.
Casting: Magic Dart (safe; 1% risk of failure)
Confirm with . or Enter, or press ? or * to list all spells.
Aiming: Magic Dart (safe; 1% risk of failure)
Press: ? - help, Shift-Dir - straight line, f/p - hell rat
Aim: a hell rat (severely wounded, 100% to hit)
The magic dart hits the hell rat.
The hell rat is almost dead.
The hell rat splashes around in the water.
Casting: Magic Dart (safe; 1% risk of failure)
Confirm with . or Enter, or press ? or * to list all spells.
Aiming: Magic Dart (safe; 1% risk of failure)
Press: ? - help, Shift-Dir - straight line, f/p - hell rat
Aim: a hell rat (almost dead, 100% to hit)
The magic dart hits the hell rat but does no damage.
The hell rat is almost dead.
The hell rat splashes around in the water.
Casting: Magic Dart (safe; 1% risk of failure)
Confirm with . or Enter, or press ? or * to list all spells.
Aiming: Magic Dart (safe; 1% risk of failure)
Press: ? - help, Shift-Dir - straight line, f/p - hell rat
Aim: a hell rat (almost dead, 100% to hit)
The magic dart hits the hell rat but does no damage.
The hell rat is almost dead.
The hell rat bites you!
Ouch! That really hurt!
You die...

~...~.. ##.~
~~~## #.~~
##...# ##~~
#~##~~## #...
...#.~~#
#..##~~!##~~#
#.~#~~~!?#.~#
#~~'@r~?∩#∩∩#
#..#.~~!!#~~#
#.~##~~?##..#
#.~~#~~~#.~~#
##~.##.##~~##
#~.~###~~.#
##.~†.†~~##
#~.~~~.~#
###~~.###


You could see a hell rat.

Vanquished Creatures
  3 adders
  A river rat (Sewer)
  3 dart slugs
  2 ribbon worms (D:2)
  An orc (D:4)
  6 ball pythons
  5 endoplasms
  8 giant cockroaches
  5 goblins
  6 hobgoblins
  8 jackals
  2 quokkas (D:1)
  4 bats
  3 frilled lizards
  11 kobolds
  15 rats
83 creatures vanquished.

Notes
Turn   | Place    | Note
-------+----------+-------------------------------------------
     0 | D:1      | cactusman1044 the Tengu Conjurer began the quest for the
                  | Orb.
     0 | D:1      | Reached XP level 1. HP: 10/10 MP: 4/4
   216 | D:1      | Reached XP level 2. HP: 15/15 MP: 3/6
   354 | D:1      | Learned a level 2 spell: Searing Ray
   436 | D:1      | Reached skill level 6 in Conjurations
   507 | D:1      | Reached XP level 3. HP: 16/19 MP: 5/7
   529 | D:1      | Found a faded altar of an unknown god.
   529 | D:1      | Noticed a great orb of eyes
   533 | D:1      | Noticed a glass eye
   533 | D:1      | Noticed an eye of devastation
   533 | D:1      | Noticed a shining eye
  1555 | D:2      | Reached skill level 1 in Axes
  1555 | D:2      | Reached XP level 4. HP: 13/24 MP: 8/8
  1799 | D:3      | Found an iron altar of Okawaru.
  1891 | D:3      | Found an ornate altar of the Wu Jian Council.
  2837 | D:3      | Found a white marble altar of Elyvilon.
  2845 | D:3      | Became a worshipper of Elyvilon the Healer
  2974 | D:4      | Noticed Blork the orc
  3011 | D:4      | Found a blossoming altar of Fedhas.
  3037 | D:4      | Found a stormy altar of Qazlal.
  3037 | D:4      | Found a hide-covered altar of Uskayaw.
  3037 | D:4      | Found a snail-covered altar of Cheibriados.
  3057 | D:4      | Reached XP level 5. HP: 28/28 MP: 6/9
  3081 | D:4      | Found a glowing drain.
  3101 | Sewer    | Entered a sewer
  3150 | Sewer    | Slain by a hell rat

Illustrated notes

Levels and vault maps discovered:
D:1:      psy_arrival_basics, layout_loops_ring,
          hellmonk_ecumenical_altar_watching_god
D:2:      minmay_diamond_boxcup, layout_rooms
D:3:      layout_basic, mainiacjoe_overflow_small_starburst,
          mainiacjoe_overflow_tiny_flanked, nicolae_elyvilon_temple_path,
          kennysheep_path_1
D:4:      layout_rooms, gammafunk_temple_overflow_claw, fedhas_altar_1,
          mainiacjoe_sewer_entry_somewhere_in_here_2,
          mainiacjoe_ossuary_entry_dusty_tomb, chequers_garden,
          uniq_blork_the_orc
Sewer:    sewer_hellmonk_bad_rat

Skill      XL: |  1  2  3 |
---------------+----------+-----
Conjurations   | 6 |  6.5
Axes           | 1 |  1.8
Fighting       | |  0.7
Dodging        | |  2.8
Stealth        | |  2.9
Spellcasting   | |  2.3

Action                     |  1- 3 |  4- 6 || total
---------------------------+-------+-------++-------
  Melee: Hand axe          |    49 |    83 ||   132
         Kick              |    13 |    14 ||    27
         Peck              |     4 |     7 ||    11
         Punch             |       |     1 ||     1
   Cast: Magic Dart        |    43 |    11 ||    54
         Searing Ray       |       |     1 ||     1
    Use: Scroll            |       |     2 ||     2
         Potion            |       |     2 ||     2
   Stab: Sleeping          |     3 |     4 ||     7
 Armour: Robe              |    32 |    40 ||    72
  Dodge: Dodged            |    68 |    75 ||   143
